 Dungeon Crawl Stone Soup version 0.28.0-49-g6dfe1f597d (webtiles) character file.

Game seed: 13133941454148663513

39 NinjaNoafa the Chopper (level 3, 0/49 HPs)
             Began as a Hill Orc Cinder Acolyte on May 11, 2022.
             Was a High Priest of Ignis.
             Constricted to death by a ball python (1 damage)
             ... on level 2 of the Dungeon.
             The game lasted 00:03:40 (1771 turns).

NinjaNoafa the Chopper (Hill Orc Cinder Acolyte)    Turns: 1771, Time: 00:03:42

Health: 0/49       AC:  2    Str: 16    XL:     3   Next: 45%
Magic:  5/5        EV:  8    Int: 14    God:    Ignis [*****.]
Gold:   30         SH:  0    Dex:  8    Spells: 4/4 levels left

rFire   + . .      SeeInvis .   a - -1 hand axe (flame)
rCold   . . .      Faith    .   (no shield)
rNeg    . . .      Spirit   .   b - +0 robe
rPois   .          Reflect  .   (no helmet)
rElec   .          Harm     .   (no cloak)
rCorr   .          Rampage  .   (no gloves)
Will    .....                   (no boots)
Stlth   ..........              (no amulet)
HPRegen 0.16/turn               (no ring)
MPRegen 0.09/turn               (no ring)

@: brilliant, berserking, lethally poisoned (0 -> -1), constricted, very quick
A: no striking features
a: Renounce Religion, Fiery Armour, Foxfire Swarm, Rising Flame


You were on level 2 of the Dungeon.
You worshipped Ignis.
Ignis was extremely pleased with you.
You visited 1 branch of the dungeon, and saw 2 of its levels.

You collected 30 gold pieces.

Inventory:

Hand Weapons
 a - a -1 hand axe of flaming (weapon)
Missiles
 j - 18 stones (quivered)
Armour
 b - a +0 robe (worn)
Scrolls
 c - 4 scrolls of identify {unknown}
 d - a scroll of immolation {unknown}
 e - 3 scrolls of fear {unknown}
 f - a scroll of enchant weapon {unknown}
 g - a scroll of teleportation {unknown}
 k - 2 scrolls of magic mapping {unknown}


   Skills:
 - Level 3.9 Fighting
 - Level 4.3 Axes
 + Level 1.4 Spellcasting
 + Level 4.0 Fire Magic


You had 4 spell levels left.
You didn't know any spells.
Your spell library contained the following spells:

 Spells                   Type           Power      Damage    Failure   Level
 Scorch                   Fire           36%        2d7       8%          2


Dungeon Overview and Level Annotations

Branches:
Dungeon (2/15)

Altars:


Message History

You kill the dart slug!
You closely miss the hobgoblin. The hobgoblin hits you.
You hit the hobgoblin. You burn the hobgoblin.
The hobgoblin is almost dead.
The hobgoblin closely misses you.
The goblin shoots a stone.
The stone hits you.
You hit the hobgoblin but do no damage.
The hobgoblin is almost dead.
The hobgoblin closely misses you.
The goblin shoots a stone.
The stone hits you but does no damage.
You barely miss the hobgoblin.
The hobgoblin is almost dead.
The hobgoblin hits you.
* * * LOW HITPOINT WARNING * * *
The adder barely misses you.
You see here a scroll labelled TILLAL COPS.
k - 2 scrolls labelled TILLAL COPS (gained 1)
The adder bites you.
* * * LOW HITPOINT WARNING * * *
The adder bites you.
* * * LOW HITPOINT WARNING * * *
You are poisoned.
The adder poisons you!
Okay, then.
You feel sick. The ball python closely misses you. The ball python misses you.
It was a potion of brilliance.
You feel clever all of a sudden.
You feel sick. The adder bites you.
* * * LOW HITPOINT WARNING * * *
The ball python bites you but does no damage.
The ball python grabs you. The ball python constricts you.
* * * LOW HITPOINT WARNING * * *
It was a potion of berserk rage.
A red film seems to cover your vision as you go berserk!
You feel yourself moving faster!
You feel mighty!
* * * LOW HITPOINT WARNING * * *
You feel sick. The adder bites you but does no damage.
The ball python bites you but does no damage.
The ball python constricts you.
You die...

................#...
.........[..#...#.. .
.........†........##......
...........#..............
.........###......# ......
......††..#.......##......
#.......#.gg#.............
#.........SS#....#.#......
##..<..####@#....#.....#
#...... ##.....#...##
....... #....>......##
....... #............##
#.... #............)#####
....##.##..#......... ..##
#.###.#.##...... ... #.#
#.#.####.... .. ... #...#
....


You could see an adder, a hobgoblin, a goblin and a ball python.

Vanquished Creatures
  A worm (D:2)
  A dart slug (D:2)
  5 endoplasms (D:1)
  A giant cockroach (D:2)
  2 goblins (D:1)
  2 hobgoblins (D:1)
  3 jackals (D:1)
  4 kobolds
  2 quokkas (D:1)
  2 ball pythons (D:1)
  4 bats
  2 frilled lizards (D:1)
  A rat (D:1)
30 creatures vanquished.

Vanquished Creatures (others)
  3 withered plants (D:2)
3 creatures vanquished.

Grand Total: 33 creatures vanquished

Notes
Turn   | Place    | Note
-------+----------+-------------------------------------------
     0 | D:1      | NinjaNoafa the Hill Orc Cinder Acolyte began the quest for
                  | the Orb.
     0 | D:1      | Reached XP level 1. HP: 19/19 MP: 2/2
   189 | D:1      | HP: 1/20 [quokka (4)]
   532 | D:1      | Reached XP level 2. HP: 21/27 MP: 3/3
  1259 | D:1      | Reached XP level 3. HP: 28/33 MP: 4/4
  1770 | D:2      | HP: 1/33 [constriction (1)]
  1771 | D:2      | Constricted to death by a ball python

Illustrated notes

Levels and vault maps discovered:
D:1:      dpeg_cavernosity, layout_loops_ring, minmay_cut_off
D:2:      layout_rooms, ebering_ecumenical_altar_petrified,
          minmay_close_crescents

Skill      XL: |  1  2  3 |
---------------+----------+-----
Fire Magic     | 4 |  4.0
Fighting       | |  3.9
Axes           | |  4.3
Spellcasting   | |  1.4

Action                   || total
-------------------------++-------
Melee: Hand axe          ||    98
  Use: Potion            ||     2
Armor: Robe              ||    20
Dodge: Dodged            ||    78
